 Dungeon Crawl Stone Soup version 0.22.1-1-ga44c0e56f4 (webtiles) character file.

17 Morbidden the Conjurer (level 2, -1/17 HPs)
             Began as an Octopode Conjurer on Nov 4, 2018.
             Slain by a leopard gecko (3 damage)
             ... on level 1 of the Dungeon.
             The game lasted 00:01:54 (505 turns).

Morbidden the Conjurer (Octopode Conjurer)           Turns: 505, Time: 00:01:55

Health: -1/17      AC:  1    Str:  7    XL:     2   Next: 62%
Magic:  2/5        EV: 13    Int: 17    God:
Gold:   10         SH:  0    Dex: 12    Spells: 4/5 levels left

rFire    . . .     SeeInvis .   (no weapon)
rCold    . . .     Gourm    .   (no shield)
rNeg     . . .     Faith    .   (helmet restricted)
rPois    .         Spirit   .   (no amulet)
rElec    .         Reflect  .   (no ring)
rCorr    .         Harm     .   (no ring)
MR       .....                  (no ring)
Stlth    +++.......             (no ring)
HPRegen  0.05/turn              (no ring)
MPRegen  0.09/turn              (no ring)
                                (no ring)
                                (no ring)

@: no status effects
A: almost no armour, stealthy swim, amphibious, 8 rings, constrict 8, camouflage
1, gelatinous body 1
a: no special abilities


You were on level 1 of the Dungeon.
You were not hungry.

You visited 1 branch of the dungeon, and saw 1 of its levels.

You collected 10 gold pieces.

Inventory:

Jewellery
 a - an uncursed ring of positive energy {unknown}
Comestibles
 b - a ration


   Skills:
 + Level 2.0 Dodging
 + Level 2.6 Stealth
 + Level 2.0 Spellcasting
 * Level 4.7 Conjurations


You had 4 spell levels left.
You knew the following spells:

 Your Spells              Type           Power        Failure   Level  Hunger
a - Magic Dart            Conj           ###.         2%          1    #......

Your spell library contained the following spells:

 Spells                   Type           Power        Failure   Level  Hunger
 Searing Ray              Conj           ###...       4%          2    ###....
 Dazzling Spray           Conj/Hex       #.....       22%         3    ###....
 Iskenderun's Mystic Bla  Conj           ###.....     28%         4    #####..
 Force Lance              Conj/Tloc      #.......     58%         4    #####..
 Fulminant Prism          Conj/Hex       #.........   58%         4    #####..


Dungeon Overview and Level Annotations

Branches:
Dungeon (1/15)

Altars:


Innate Abilities, Weirdness & Mutations

You cannot wear most types of armour.
You are very stealthy in the water. (Stealth+)
You are amphibious.
You can wear up to eight rings at the same time.
You can use your tentacles to constrict eight enemies at once.
Your skin changes colour to match your surroundings (Stealth+).
Your rubbery body absorbs attacks. (AC +1, EV +1)


Message History

Casting: Magic Dart (safe; 2% risk of failure)
Confirm with . or Enter, or press ? or * to list all spells.
Aiming: Magic Dart (safe; 2% risk of failure)
Press: ? - help, Shift-Dir - straight line, f/p - leopard gecko
Aim: a leopard gecko (severely wounded, clinging)
The magic dart hits the leopard gecko.
The leopard gecko is almost dead.
The leopard gecko bites you.
* * * LOW HITPOINT WARNING * * *
Unknown command.
The leopard gecko bites you.
* * * LOW HITPOINT WARNING * * *
Unknown command.
The leopard gecko misses you. The leopard gecko barely misses you.
You see here a stone.
The leopard gecko hisses menacingly.
The leopard gecko barely misses you. The leopard gecko bites you.
You die...

## #...#...# #.# #...... #
#.#####.#####.# #......
##.#####....##.# #......
#####......####..#.##
#...... ...##......#
##....### #......
...........# #......###
#..†... .†.........#
#.####...###.##.##
...##......# #l#
###.#...##.# ...##......#
#@# ##...####.#
....#......#####.#####...##
#.#
###$.............##....#..#
#.# #.......##
#...#.#####.# #.# #......##
##.#.(.# #.# #.# .....###
#......### #.# ##.# ...###
#..###...# #.###..# #. #..#
###.###.....## #.## ###..##
#..##..####


You could see a leopard gecko.

Vanquished Creatures
  A leopard gecko (D:1)
  2 goblins (D:1)
  A hobgoblin (D:1)
  A kobold (D:1)
  5 bats (D:1)
  2 frilled lizards (D:1)
  4 rats (D:1)
16 creatures vanquished.

Notes
Turn   | Place    | Note
-------+----------+-------------------------------------------
     0 | D:1      | Morbidden the Octopode Conjurer began the quest for the
                  | Orb.
     0 | D:1      | Reached XP level 1. HP: 11/11 MP: 3/3
   181 | D:1      | Reached XP level 2. HP: 13/17 MP: 1/5
   505 | D:1      | Slain by a leopard gecko

Action                   || total
-------------------------++-------
Melee: Unarmed           ||    24
       Constrict         ||     7
       Tentacles         ||     1
 Cast: Magic Dart        ||    24
 Stab: Sleeping          ||     1
Armor: Skin              ||     6
Dodge: Dodged            ||    19
